 Dungeon Crawl Stone Soup version 0.29.1-2-gbd0b4ee654 (webtiles) character file.

Game seed: 11368179990294251469

126 qeuew the Sneak (level 5, -11/30 HPs)
             Began as an Octopode Brigand on Nov 3, 2022.
             Mangled by an ogre
             ... wielding a +0 giant spiked club
              (15 damage)
             ... on level 4 of the Dungeon.
             The game lasted 00:03:03 (2156 turns).

qeuew the Sneak (Octopode Brigand)                  Turns: 2156, Time: 00:03:04

Health: -11/30     AC:  9    Str: 10    XL:     5   Next: 10%
Magic:  5/5        EV: 13    Int: 13    God:
Gold:   137        SH:  0    Dex: 14    Spells: 4/4 levels left

rFire   . . .      SeeInvis .   a - +3 dagger
rCold   . . .      Faith    .   (no shield)
rNeg    . . .      Spirit   .   (helmet restricted)
rPois   +          Reflect  .   (no amulet)
rElec   .          Harm     .   f - +4 ring of protection
rCorr   .          Rampage  .   e - +4 ring of protection
Will    .....      Rage     3%  (no ring)
Stlth   ++++......              (no ring)
HPRegen 0.10/turn               (no ring)
MPRegen 0.09/turn               (no ring)
                                (no ring)
                                (no ring)

@: no status effects
A: almost no armour, amphibious, 8 rings, camouflage 1, gelatinous body 1,
(nimble swimmer 1), tentacles, berserk 1, clumsy 1, frail 1, poison resistance
a: no special abilities


You were on level 4 of the Dungeon.
You visited 1 branch of the dungeon, and saw 4 of its levels.

You collected 137 gold pieces.

Inventory:

Hand Weapons
 a - a +3 dagger (weapon)
Missiles
 b - 16 poisoned darts (quivered)
 c - 3 curare-tipped darts
 g - 4 atropa-tipped darts
 l - 4 datura-tipped darts
Jewellery
 e - a +4 ring of protection (right tentacle)
 f - a +4 ring of protection (left tentacle)
Potions
 d - a potion of invisibility
 h - a potion of curing
 i - a potion of brilliance
 j - a potion of berserk rage
 k - a potion of might
 m - 2 potions of heal wounds


   Skills:
 + Level 2.3 Fighting
 * Level 3.1 Short Blades
 * Level 2.4 Throwing
 * Level 2.2 Dodging
 + Level 6.7 Stealth


You had 4 spell levels left.
You didn't know any spells.
Your spell library contained the following spells:

 Spells                   Type           Power      Damage    Failure   Level
 Magic Dart               Conj           0%         1d3       30%         1
 Blink                    Tloc           0%         N/A       43%         2
 Call Imp                 Summ           0%         N/A       43%         2
 Mephitic Cloud           Conj/Pois/Air  0%         N/A       67%         3
 Manifold Assault         Tloc           0%         N/A       100%        5
 Storm Form               Tmut/Air       0%         N/A       100%        7


Dungeon Overview and Level Annotations

Branches:
Dungeon (4/15)
 Temple: D:4-7

Altars:

Shops:
D:1 *


Innate Abilities, Weirdness & Mutations

You cannot wear most types of armour.
You are amphibious.
You can wear up to eight rings at the same time.
Your skin changes colour to match your surroundings (Stealth+).
Your rubbery body absorbs attacks. (AC +1, EV +1)
((You are camouflaged when in or above water. (Stealth+)))
You have tentacles for arms and can constrict up to eight enemies at once.
You sometimes lose your temper in combat.
You are clumsy. (Dex -2)
You are frail. (-10% HP)
Your system is resistant to poisons. (rPois)


Message History

Found a chain mail.
Things that are here:
a +0 short sword; a stone Done exploring.
Done exploring.
Done exploring.
As you read the scroll of identify, it crumbles to dust.
k - a potion of might
As you read the scroll labelled UGAIRI OSIPHY, it crumbles to dust.
It is a scroll of enchant weapon.
Your +2 dagger glows red for a moment.
As you read the scroll labelled ISIWKUXTUAMO, it crumbles to dust.
You feel momentarily disoriented.
It was a scroll of magic mapping.
As you read the scroll labelled KETHOS CAAXIEDD, it crumbles to dust.
You hear a loud clanging noise!
It was a scroll of noise.
(D) Dungeon
Where to? (Enter - D:3, ? - help)
What level of the Dungeon? (default 1, ? - help)
There is a stone staircase leading down here.
You climb downwards.
The ogre shouts!
Found a mace.
There is a stone staircase leading up here.
There are monsters nearby!
The ogre barely misses you.
You hit the ogre.
The ogre is moderately wounded.
You hit the ogre.
The ogre is moderately wounded.
The ogre hits you with a +0 giant spiked club!!
Ouch! That really hurt!
* * * LOW HITPOINT WARNING * * *
You barely miss the ogre. You tentacle-slap the ogre. You squeeze the ogre!
The ogre is almost dead.
You hit the ogre.
The ogre is almost dead.
The ogre hits you with a +0 giant spiked club!
Ouch! That really hurt!
You die...

≈≈~~~~...♣...
~~~~~~......#
~~~~~8...♣..#
............#
............
#.........#
#...O..#
#...@.#
#.....#
+...<##
###)..#
##...# ##...#
#.... .....
......


You could see an ogre.

Vanquished Creatures
  Terence (D:2)
  4 adders
  2 worms
  2 dart slugs (D:2)
  4 endoplasms
  4 goblins
  5 hobgoblins
  3 jackals (D:1)
  3 quokkas (D:2)
  7 ball pythons
  7 bats
  4 frilled lizards
  6 kobolds
  3 rats
55 creatures vanquished.

Notes
Turn   | Place    | Note
-------+----------+-------------------------------------------
     0 | D:1      | qeuew the Octopode Brigand began the quest for the Orb.
     0 | D:1      | Reached XP level 1. HP: 14/14 MP: 1/1
    33 | D:1      | Found a faded altar of an unknown god.
   109 | D:1      | Found Kungosk's General Store.
   207 | D:1      | Reached XP level 2. HP: 19/19 MP: 2/2
   636 | D:1      | Reached XP level 3. HP: 24/24 MP: 3/3
   690 | D:1      | Gained mutation: You sometimes lose your temper in combat.
                  | [potion of mutation]
   690 | D:1      | Gained mutation: You are somewhat resistant to further
                  | mutation. [potion of mutation]
   690 | D:1      | Gained mutation: You expend magic power (3 MP) to
                  | strengthen your wands. [potion of mutation]
   864 | D:2      | Noticed Terence
   872 | D:2      | Reached skill level 6 in Stealth
   878 | D:2      | Killed Terence
   879 | D:2      | Reached XP level 4. HP: 29/29 MP: 4/4
  1692 | D:3      | Lost mutation: You expend magic power (3 MP) to strengthen
                  | your wands. [potion of mutation]
  1692 | D:3      | Lost mutation: You are somewhat resistant to further
                  | mutation. [potion of mutation]
  1692 | D:3      | Gained mutation: You are clumsy. (Dex -2) [potion of
                  | mutation]
  1692 | D:3      | Gained mutation: You are frail. (-10% HP) [potion of
                  | mutation]
  1692 | D:3      | Gained mutation: Your system is resistant to poisons.
                  | (rPois) [potion of mutation]
  1832 | D:3      | Reached XP level 5. HP: 30/30 MP: 5/5
  2150 | D:4      | Noticed an ogre
  2156 | D:4      | Mangled by an ogre

Illustrated notes

Levels and vault maps discovered:
D:1:      tarquinn_simple_flora_water_d, layout_rooms, serial_shops, shop,
          ebering_ecumenical_altar_box
D:2:      layout_basic, uniq_terence
D:3:      layout_loops_ring
D:4:      layout_cave_pods, elyvilon_altar_5, kennysheep_little_box,
          serial_park, serial_park_square1 [serial_park_minivault_5x5_4],
          serial_park_fountain, serial_park_gazebo
          [serial_park_minivault_5x5_1], kennysheep_nondescript

Skill      XL: |  1  2  3  4 |
---------------+-------------+-----
Stealth        | 6 |  6.7
Short Blades   | 3 |  3.1
Dodging        | 2 |  2.2
Fighting       | |  2.3
Throwing       | |  2.4

Action                   |  1- 3 |  4- 6 || total
-------------------------+-------+-------++-------
Melee: Dagger            |    51 |    41 ||    92
       Constrict         |    12 |     6 ||    18
       Tentacles         |    11 |    10 ||    21
       Punch             |     1 |     2 ||     3
  Use: Scroll            |     5 |     7 ||    12
       Potion            |     2 |     2 ||     4
 Stab: Sleeping          |     9 |    15 ||    24
Armor: Skin              |     8 |     3 ||    11
Dodge: Dodged            |    30 |    13 ||    43
